Map: Deathaura LE

Players

Astrea

  • Race: Protoss Protoss
  • League: Master
  • Spawn Location: 11:00

Scarlett - Winner!

  • Race: Zerg Zerg
  • Spawn Location: 5:00

Event: DreamHack SC2 Masters 2020 Fall

VOD

Have the link to the VOD?

Description

Time

  • Played on: Sept. 13, 2020, 8:13 p.m.
  • Length: 6:44

All games in this series

Show
View Real Time Build Order
Export as new Build Order

Astrea Protoss 

Build Orders: 1 Gate Expand, Phoenix Opening, Mass Phoenix 

Get SALT Encoding   

  12  0:00  Probe  
  13  0:12  Probe  
  14  0:18  Pylon  
  14  0:24  Probe (Chrono Boost)  
  15  0:36  Probe (Chrono Boost)  
  15  0:42  Gateway  
  16  0:45  Probe (Chrono Boost)  
  17  0:50  Assimilator  
  17  0:52  Probe  
  18  1:04  Probe  
  19  1:17  Probe  
  20  1:27  Nexus  
  20  1:38  Cybernetics Core  
  20  1:42  Probe  
  21  1:48  Assimilator  
  21  1:54  Probe  
  21  2:00  Pylon  
  22  2:06  Probe  
  23  2:14  Warp Gate, Probe  
  23  2:15  Adept (Chrono Boost)  
  26  2:22  Probe  
  27  2:32  Probe  
  27  2:36  Stalker (Chrono Boost)  
  28  2:40  Stargate  
  28  2:42  Probe  
  31  2:45  Probe  
  32  2:54  Probe  
  32  2:57  Probe  
  34  3:04  Gateway  
  34  3:06  Probe  
  34  3:09  Probe  
  36  3:18  Adept, Probe  
  39  3:21  Probe  
  39  3:22  Phoenix (Chrono Boost)  
  39  3:26  Pylon  
  42  3:30  Probe  
  42  3:33  Probe  
  44  3:39  Phoenix (Chrono Boost)  
  46  3:44  Probe  
  46  3:45  Probe  
  48  3:49  Pylon  
  48  3:56  Probe  
  48  3:57  Probe  
  48  3:58  Phoenix (Chrono Boost)  
  48  3:59  Assimilator  
  48  4:01  Assimilator  
  52  4:03  Adept  
  52  4:07  Adept  
  56  4:10  Probe x2  
  58  4:19  Phoenix (Chrono Boost)  
  58  4:20  Pylon  
  58  4:22  Probe x2  
  62  4:32  Robotics Facility  
  62  4:37  Phoenix (Chrono Boost)  
  62  4:39  Pylon  
  62  4:40  Probe x2  
  67  4:52  Probe  
  67  4:53  Probe  
  67  4:59  Phoenix (Chrono Boost)  
  70  5:04  Sentry x2  
  74  5:07  Nexus  
  74  5:08  Pylon  
  74  5:17  Phoenix  
  74  5:20  Shield Battery  
  74  5:21  Observer (Chrono Boost)  
  77  5:24  Probe  
  77  5:26  Probe  
  77  5:27  Pylon  
  79  5:32  Adept x2  
  83  5:37  Shield Battery, Probe  
  83  5:38  Probe  
  83  5:46  Gateway  
  83  5:48  Phoenix  
  83  5:49  Immortal (Chrono Boost)  
  72  5:55  Pylon x2  
  73  6:12  Pylon  
  73  6:13  Sentry, Pylon  
  76  6:19  Pylon  
Show
View Real Time Build Order
Export as new Build Order

Scarlett Zerg - Winner!

Build Orders: Hatch First 

Get SALT Encoding   

  12  0:00  Drone  
  13  0:12  Overlord  
  13  0:17  Drone  
  14  0:30  Drone x2  
  16  0:43  Drone  
  17  0:52  Hatchery  
  17  0:53  Drone  
  17  0:57  Drone  
  18  1:08  Extractor  
  17  1:12  Spawning Pool  
  17  1:15  Drone  
  17  1:18  Drone  
  18  1:28  Drone  
  19  1:38  Drone  
  20  1:49  Overlord  
  20  1:58  Queen  
  22  2:04  Queen  
  22  2:05  Zergling x4  
  26  2:11  Metabolic Boost  
  26  2:12  Drone  
  27  2:17  Drone  
  27  2:21  Drone  
  29  2:27  Drone  
  30  2:34  Hatchery  
  30  2:37  Drone  
  30  2:39  Drone  
  31  2:45  Overlord  
  31  2:47  Drone  
  32  2:52  Queen  
  32  2:55  Drone  
  35  2:59  Drone  
  35  3:04  Drone  
  37  3:07  Drone x3  
  37  3:12  Overlord  
  39  3:21  Queen  
  39  3:24  Overlord  
  39  3:25  Drone  
  42  3:30  Queen  
  42  3:34  Drone x2  
  46  3:40  Drone  
  47  3:43  Drone  
  48  3:49  Drone x2  
  48  3:54  Drone  
  50  3:59  Roach Warren  
  50  4:00  Drone x5  
  54  4:04  Zergling x2  
  54  4:07  Spine Crawler  
  54  4:12  Overlord  
  54  4:13  Zergling x2  
  55  4:19  Zergling x10  
  55  4:22  Overlord  
  55  4:23  Extractor  
  59  4:26  Overlord  
  59  4:31  Zergling x2  
  60  4:32  Overlord  
  60  4:38  Spore Crawler x2  
  59  4:39  Spore Crawler  
  59  4:40  Roach x5  
  67  4:47  Roach x3  
  73  4:53  Zergling x2  
  73  4:58  Zergling x10  
  78  5:06  Zergling x4  
  79  5:07  Ravager x2  
  79  5:11  Ravager  
  79  5:13  Zergling x8  
  85  5:16  Zergling x10  
  85  5:18  Zergling x2  
  91  5:22  Overlord  
  91  5:25  Zergling x4  
  93  5:28  Overlord  
  93  5:31  Overlord  
  93  5:40  Zergling x6  
  90  5:45  Zergling x6  
  83  5:52  Zergling x2  
  83  5:53  Zergling x12  
  86  6:00  Zergling x4  
  84  6:04  Zergling x2  
  84  6:08  Zergling x2  
  84  6:10  Zergling x2  
  82  6:13  Zergling x6  
  82  6:16  Zergling x2  
  82  6:17  Zergling x10  
  87  6:26  Zergling x4  
  87  6:27  Zergling x2  

Tags
 
Add a new tag
Caveats
  • Supply blocks, unpowered buildings, or Contaminate may cause inaccurate times.
  • Supply counts are checked every 10 seconds.